 Dungeon Crawl Stone Soup version 0.13.0-9-gbc74161 (webtiles) character file.

49 Bloax the Skirmisher (level 2, 0/19 HPs)
             Began as a Gargoyle Berserker on Oct 18, 2013.
             Was a Follower of Trog.
             Slain by a kobold
             ... wielding a +0,+0 club
              (2 damage)
             ... on Level 3 of the Dungeon.
             The game lasted 00:02:09 (279 turns).

Bloax the Skirmisher (Gargoyle Berserker)            Turns: 279, Time: 00:02:09

HP   0/19        AC  4     Str 20      XL: 2   Next:  8%
MP   1/1         EV 12     Int  7      God: Trog [*.....]
Gold 41          SH  0     Dex  9      Spells:  0 memorised,  1 level left

Res.Fire  : . . .   See Invis. : .   a - +0 falchion
Res.Cold  : . . .   Warding    : .   b - +0 animal skin
Life Prot.: + . .   Conserve   : .   (no shield)
Res.Poison: +       Res.Corr.  : .   (no helmet)
Res.Elec. : +       Clarity    : .   (no cloak)
Sust.Abil.: . .     Spirit.Shd : .   (no gloves)
Res.Mut.  : .       Stasis     : .   (no boots)
Res.Rott. : +       Flight     : .   (no amulet)
Saprovore : . . .                    (no ring)
                                     (no ring)

@: exhausted, slowed, very slow, not resistant to hostile enchantments, very
unstealthy
A: fangs 1, talons 2, life protection 1, electricity resistance, slow metabolism
1, unbreathing, petrification resistance, AC +2
a: Burn Spellbooks, Berserk, Renounce Religion


You were on level 3 of the Dungeon.
You worshipped Trog.
Trog was aware of your devotion.
You were not hungry.

You visited 1 branch of the dungeon, and saw 3 of its levels.

You collected 21 gold pieces.


Innate Abilities, Weirdness & Mutations

You are resistant to torment.
You are immune to poison.
Your stone body is very resilient (AC +2).
You have very sharp teeth.
You have razor-sharp toenails.
You resist negative energy.
You are resistant to electric shocks.
You have a slow metabolism.
You can survive without breathing.
You are immune to petrification.


   Skills:
 + Level 3.3 Fighting
 * Level 3.1 Long Blades
 - Level 2.1 Armour
 + Level 1.6 Dodging


You had one spell level left.
You didn't know any spells.

Dungeon Overview and Level Annotations

Branches:
Dungeon (3/27)

Altars:

Inventory:

Hand weapons
 a - a +0,+0 falchion (weapon)
Armour
 b - a +0 animal skin (worn)
Comestibles
 c - 2 bread rations
Scrolls
 d - a scroll of blinking {unknown}
 e - a scroll of teleportation {unknown}
 f - a scroll of noise {unknown}

#..#......##...######
#..#.#.......)........
#......##....<...#
#......##.#...........
####.#.##........#.##
#..........##.#
#.#.###...###.#
#....K(........
##...@##.......##
##.....##..K....
#...<...#.......
##.....(.......#
##..).###.....#
#######)## .####
#~~...(.# .# #~~.....#
#~~.....#


You could see a kobold.


Message History

The ball python bites you but does no damage.
The ball python barely misses you.
The goblin hits you with a dwarven dagger.
Use which ability? (? or * to list)
Okay, then.
Use which ability? (? or * to list)
A red film seems to cover your vision as you go berserk!
You feel yourself moving faster!
You feel mighty!
You feel somewhat more hungry. The ball python completely misses you.
The ball python grabs you. The ball python constricts you.
The goblin hits you but does no damage.
You closely miss the ball python. The ball python closely misses you.
The ball python constricts you.
The goblin hits you with a dwarven dagger.
Unknown command.
You closely miss the ball python. The ball python closely misses you.
The ball python constricts you.
You slash the ball python!
You kill the ball python!
Trog accepts your kill.
The goblin hits you with a dwarven dagger.
* * * LOW HITPOINT WARNING * * *
You slash the goblin!
You kill the goblin!
Trog accepts your kill.
You have reached level 2!
Unknown command.
Things that are here:
a dwarven dagger; a goblin corpse; a goblin corpse The goblin corpse is consumed in a column of flame.
You feel a strong urge to attack something.
You feel your anger subside.
You are no longer berserk.
You pass out from exhaustion.
You feel yourself slow down.
The goblin shoots a stone.
Helpless, you fail to dodge the stone.
* * * LOW HITPOINT WARNING * * *
The goblin hits you but does no damage.
Found an escape hatch in the floor.
The goblin shoots a stone.
Helpless, you fail to dodge the stone.
* * * LOW HITPOINT WARNING * * *
The goblin hits you but does no damage.
You can move again.
You see here 2 stones.
Unknown command.
Unknown command.
Unknown command.
You hit the goblin but do no damage. The goblin hits you with a dagger.
* * * LOW HITPOINT WARNING * * *
The goblin hits you but does no damage.
Unknown command.
The goblin barely misses you.
Unknown command.
You barely miss the goblin. You claw the goblin.
You kill the goblin!
Trog accepts your kill.
Unknown command.
Unknown command.
A kobold comes into view. It is wielding a club.
The kobold shouts!
The kobold throws a dart.
The dart misses you.
The kobold throws a dart.
The dart hits you!
* * * LOW HITPOINT WARNING * * *
You see here 2 darts.
Unknown command.
The kobold throws a dart.
The dart hits you!
* * * LOW HITPOINT WARNING * * *
You see here a dart.
The kobold hits you with a club.
You die...

Action                   || total
-------------------------++-------
Melee: Falchion          ||    22
Invok: Berserk           ||     1

Vault maps used:
D:1:      tarquinn_simple_flora_water_c
D:2:      elyvilon_altar_1, minmay_misc_feat_more_columns,
          okawaru_ov_weapons_minmay
D:3:      serial_bayou_pond_d, minmay_goblin_outpost

Notes
Turn   | Place    | Note
--------------------------------------------------------------
     0 | D:1      | Bloax, the Gargoyle Berserker, began the quest for the Orb.
     0 | D:1      | Reached XP level 1. HP: 14/14 MP: 0/0
     0 | D:1      | Bloax: I have the strangest of ideas.
     1 | D:1      | 4tharraofdagon: good
    14 | D:1      | Bloax: aka
    14 | D:1      | 4tharraofdagon: you need some change
    14 | D:1      | Bloax: let's pull a rupert
    29 | D:1      | Bloax: BIG SWORD BIG MAN
   126 | D:2      | 4tharraofdagon: rupert style yeah
   229 | D:3      | 4tharraofdagon: bot bored with snorg one,time for rupert
   249 | D:3      | Reached skill level 3 in Long Blades
   256 | D:3      | Reached XP level 2. HP: 12/19 MP: 1/1
   259 | D:3      | Bloax: i am speedbot
   261 | D:3      | HP: 4/19 [goblin/ stone (4)]
   268 | D:3      | HP: 4/19 [kobold/ dart]
   273 | D:3      | HP: 2/19 [kobold/ dart (2)]
   279 | D:3      | Slain by a kobold

Vanquished Creatures
  5 goblins
  A hobgoblin (D:3)
  A ball python (D:3)
  A rat (D:2)
8 creatures vanquished.
